[Event "Elegant 1st Division League 2024"]
[Site "Dhaka"]
[Date "2024.07.11"]
[Round "1.19"]
[White "Majumder Shrayan"]
[Black "S M Sharon"]
[Result "1/2-1/2"]
[Annotator "NA RC"]
[ECO "A46"]
[WhiteElo "2083"]
[BlackElo "2047"]
[PlyCount "99"]
[EventDate "2024.07.10"]
[EventType "team-tourn"]
[EventCountry "BAN"]
[SourceTitle "playchess.com"]
[Source "ChessBase"]
[SourceQuality "1"]
[TimeControl "5400+30"]

1. b3 Nf6 2. Bb2 d6 3. d4 g6 4. Nd2 Bg7 5. e4 O-O 6. Ngf3 a5 {[%emt 0:07:16] A46: 1 d4 Pf6 2 Pf3 e6: Torre, London en Colle Systemen.} 7. Bd3 Nc6 8. a3 e5 9. dxe5 Ng4 10. Nc4 Ncxe5 11. Nfxe5 Nxe5 12. Nxe5 Bxe5 13. Bxe5 dxe5 14. Bc4 Qe7 15. Qf3 Be6 16. Bxe6 Qxe6 17. O-O Rfd8 18. Rad1 Qc6 19. c3 a4 20. b4 Qc4 21. h4 h5 22. Qf6 Rxd1 23. Rxd1 Qxc3 24. Rd7 Rf8 25. g4 hxg4 26. h5 g3 27. hxg6 Qe1+ 28. Kg2 Qxf2+ 29. Qxf2 gxf2 30. Kxf2 fxg6+ 31. Ke3 Rf7 32. Rd5 Re7 (32... Rh7 $17 33. Rxe5 Rh3+ 34. Kd4 Kf8 (34... Rxa3 35. Re8+ Kf7 36. Rb8 $15)) 33. Ra5 Kg7 34. Rxa4 Kf6 35. Ra7 b6 36. a4 Kg5 37. a5 bxa5 38. bxa5 {[%emt 0:01:02] [#]} Rh7 $1 39. Kd3 $1 Kf4 40. a6 Rh3+ 41. Kc4 Ra3 42. Kb5 $11 Rb3+ 43. Ka5 Rc3 44. Rb7 Ra3+ 45. Kb5 c5 46. a7 Kxe4 47. Kxc5 g5 48. Rg7 Kf3 49. Rxg5 Rxa7 50. Kd5 1/2-1/2

[Event "Elegant 1st Division League 2024"]
[Site "Dhaka"]
[Date "2024.07.11"]
[Round "1.20"]
[White "Sacchu, Afzal Hossain"]
[Black "Md, Azmaeen Parvez Sayor"]
[Result "1/2-1/2"]
[Annotator "NA RC"]
[ECO "A85"]
[WhiteElo "1981"]
[BlackElo "1969"]
[PlyCount "109"]
[EventDate "2024.07.10"]
[EventType "team-tourn"]
[EventCountry "BAN"]
[SourceTitle "playchess.com"]
[Source "ChessBase"]
[SourceQuality "1"]
[TimeControl "5400+30"]

1. d4 f5 2. c4 Nf6 3. Nc3 d6 4. Bg5 Nbd7 5. e3 e6 6. Bd3 Be7 7. Nge2 O-O 8. f3 h6 9. Bh4 Nd5 10. Bxe7 Nxe7 11. Qc2 c5 12. O-O e5 13. dxe5 dxe5 14. Rfd1 a6 15. Ng3 g6 16. a3 ({Beter is} 16. a4) 16... Qc7 17. b4 b6 18. Nd5 Nxd5 19. cxd5 Qd6 20. Rab1 b5 21. bxc5 Nxc5 22. Rbc1 Nb7 23. Qc6 Rb8 24. Qxd6 Nxd6 25. Rc6 Rd8 26. e4 f4 27. Ne2 Bb7 28. Rc7 Kf8 29. Kf2 Rbc8 30. Rdc1 g5 31. Ke1 Ke8 32. R1c5 Rxc7 33. Rxc7 Rd7 34. Rc5 Kd8 35. a4 Rc7 36. Rxc7 Kxc7 37. axb5 axb5 38. Nc1 Kb6 39. Nb3 Bc8 40. Kd2 Bd7 41. Kc3 Nb7 42. Kb4 Be8 43. Bf1 Bd7 44. g3 Be8 45. gxf4 gxf4 46. h4 Bd7 47. Nc1 Nc5 48. Nd3 Nxd3+ 49. Bxd3 Be8 $11 50. Be2 Bh5 51. Bd1 Be8 52. Be2 Bh5 53. Bd1 Be8 54. Be2 Bh5 55. Bd1 1/2-1/2

[Event "Elegant 1st Division League 2024"]
[Site "Dhaka"]
[Date "2024.07.11"]
[Round "1.22"]
[White "Faisal, Hossain"]
[Black "Soumyajit Das"]
[Result "1/2-1/2"]
[Annotator "NA RC"]
[ECO "C20"]
[WhiteElo "1872"]
[BlackElo "1850"]
[PlyCount "32"]
[EventDate "2024.07.10"]
[EventType "team-tourn"]
[EventCountry "BAN"]
[SourceTitle "playchess.com"]
[Source "ChessBase"]
[SourceQuality "1"]
[TimeControl "5400+30"]

1. e4 e5 2. g3 Nf6 3. Bg2 Bc5 4. Ne2 c6 5. d4 exd4 6. Nxd4 d6 7. h3 O-O 8. O-O Re8 9. Nc3 a5 10. Bf4 a4 11. a3 Qb6 12. Nde2 Rd8 13. Qd2 Re8 14. Qd1 Rd8 15. Qd2 Re8 16. Qd1 Rd8 1/2-1/2

[Event "Elegant 1st Division League 2024"]
[Site "Dhaka"]
[Date "2024.07.11"]
[Round "1.23"]
[White "Saparya Ghosh"]
[Black "Asaduzzaman, Ahad"]
[Result "1-0"]
[Annotator "NA RC"]
[ECO "A53"]
[WhiteElo "1833"]
[BlackElo "1855"]
[PlyCount "85"]
[EventDate "2024.07.10"]
[EventType "team-tourn"]
[EventCountry "BAN"]
[SourceTitle "playchess.com"]
[Source "ChessBase"]
[SourceQuality "1"]
[TimeControl "5400+30"]

1. d4 Nf6 2. c4 Nc6 3. Nf3 d6 4. d5 Nb8 5. Nc3 e5 6. dxe6 {[%emt 0:01:42] A53: Altindisch.} fxe6 7. e3 Nc6 8. h4 b6 9. h5 Bb7 10. b3 Qd7 11. Bb2 Be7 12. Qd2 O-O-O 13. O-O-O Rhf8 14. Bd3 Ne5 15. Nxe5 dxe5 16. Qe2 Qc6 17. f3 a6 18. Kb1 Qc5 19. Na4 Qa5 20. c5 Bxc5 $16 (20... e4 $142 21. Bc4 Rxd1+ 22. Qxd1 (22. Rxd1 exf3 23. gxf3 Bxc5 $11) 22... b5) 21. Bxe5 Bb4 22. Qb2 b5 23. Nc3 Ba3 24. Qa1 h6 25. Ne2 Rf7 26. Nd4 Re8 27. Bg6 Rfe7 28. Bxe8 Nxe8 29. Nc2 Bc5 30. Qc3 b4 31. Qd3 Bd6 32. Bb2 Bc6 33. Nd4 Bd7 34. Qe4 Qd5 35. Qd3 Qa5 36. Rc1 Nf6 37. e4 Kb7 38. Qc4 c5 39. e5 Bb5 40. Nxb5 axb5 41. Qe2 Bc7 42. exf6 gxf6 43. Rxc5 1-0

[Event "Elegant 1st Division League 2024"]
[Site "Dhaka"]
[Date "2024.07.11"]
[Round "1.24"]
[White "Shejal Sahil Sanjay"]
[Black "Ajraf, Anan"]
[Result "1-0"]
[Annotator "NA RC"]
[ECO "B13"]
[WhiteElo "1750"]
[BlackElo "1781"]
[PlyCount "133"]
[EventDate "2024.07.10"]
[EventType "team-tourn"]
[EventCountry "BAN"]
[SourceTitle "playchess.com"]
[Source "ChessBase"]
[SourceQuality "1"]
[TimeControl "5400+30"]

1. e4 c6 2. d4 d5 3. exd5 cxd5 4. Bd3 Nf6 5. Bf4 Nc6 6. c3 Bg4 7. Qb3 Qd7 8. Nd2 e6 9. Ngf3 Bd6 10. Ne5 Qc7 11. Nxg4 Bxf4 12. Nxf6+ gxf6 13. g3 Bh6 14. Bb5 O-O-O 15. Qa3 Kb8 16. Bxc6 Qxc6 17. Qc5 Qxc5 18. dxc5 Bf8 19. b4 d4 20. c4 e5 21. Ke2 d3+ 22. Kf3 f5 23. Rad1 Bh6 24. Nb3 e4+ 25. Kg2 f4 26. gxf4 Rhg8+ 27. Kh3 Bxf4 28. Rhg1 Rxg1 29. Rxg1 d2 30. Rd1 f5 31. Kg2 Bh6 32. Kf1 Kc7 33. Ke2 f4 34. Nxd2 e3 35. fxe3 fxe3 36. Nf3 Rg8 37. Rg1 Rf8 38. Rg2 Rf4 39. Ne5 Rd4 40. Ng4 Rd2+ 41. Kf3 Rxg2 42. Kxg2 e2 43. Kf2 Bd2 44. Kxe2 Bxb4 45. Nf6 Bxc5 46. Nxh7 Be7 47. Kf3 Kc6 48. Kg4 Kc5 49. Ng5 Kxc4 50. h4 Kb4 51. Kf5 Ka3 52. h5 Bf8 53. Kg6 Kxa2 54. Ne6 Bb4 55. h6 Bc3 56. Ng7 b5 57. h7 b4 58. h8=Q b3 59. Qh2+ b2 60. Qc2 a5 61. Nf5 Bb4 62. Ne3 Ka1 63. Qa4+ Kb1 64. Kf5 Bd2 65. Nc4 Kc1 66. Qa3 Bc3 67. Qxc3+ 1-0

[Event "Elegant 1st Division League 2024"]
[Site "Dhaka"]
[Date "2024.07.12"]
[Round "2.1"]
[White "Ahmed, Mahtabuddin"]
[Black "Islam, Sheik   Khairul"]
[Result "1-0"]
[Annotator "RC"]
[ECO "A36"]
[WhiteElo "1974"]
[BlackElo "1948"]
[PlyCount "47"]
[EventDate "2024.07.10"]
[EventType "team-tourn"]
[EventCountry "BAN"]
[SourceTitle "playchess.com"]
[Source "ChessBase"]
[SourceQuality "1"]
[TimeControl "5400+30"]

1. c4 e5 2. Nc3 c5 3. g3 Nc6 4. Bg2 d6 5. e3 Be6 6. b3 f5 7. Nge2 e4 8. d3 exd3 9. Nf4 Bf7 10. Qxd3 Qd7 11. Bb2 Nf6 12. Bh3 Ng4 13. Nfd5 Nce5 14. Qe2 Be7 15. f4 Nc6 16. Bxg4 fxg4 17. Rd1 h5 18. Nxe7 Nxe7 19. Nb5 Nf5 20. e4 O-O 21. O-O a6 22. Na3 Ne7 23. Qd3 Rad8 24. Qc3 1-0

[Event "Elegant 1st Division League 2024"]
[Site "Dhaka"]
[Date "2024.07.12"]
[Round "2.2"]
[White "Faisal, Hossain"]
[Black "Shourya Paul"]
[Result "0-1"]
[Annotator "NA RC"]
[ECO "C20"]
[WhiteElo "1872"]
[BlackElo "1813"]
[PlyCount "66"]
[EventDate "2024.07.10"]
[EventType "team-tourn"]
[EventCountry "BAN"]
[SourceTitle "playchess.com"]
[Source "ChessBase"]
[SourceQuality "1"]
[TimeControl "5400+30"]

1. e4 e5 2. g3 Nf6 3. Bg2 Nc6 4. Ne2 Bc5 5. c3 d5 6. exd5 {[%emt 0:00:00] C20: 1 e4 e5: Unusual White second moves.} Nxd5 7. O-O Be6 8. b4 Be7 9. b5 Na5 10. Qa4 c6 11. d4 f6 12. Bd2 $2 (12. Rd1 $16 {and life is bright.}) 12... O-O 13. c4 {[%emt 0:00:00] [#]} Nxc4 $1 14. bxc6 (14. Qxc4 Nf4 15. d5 Bxd5 16. Bxd5+ cxd5 $19) 14... Ncb6 15. Qb5 a6 16. Qb2 bxc6 17. dxe5 Nc4 18. Qc1 Nxe5 19. Nd4 Bf7 20. Nxc6 Nxc6 21. Qxc6 Rc8 22. Qa4 Nb6 23. Qa5 Rc5 24. Qb4 Rd5 25. Qc3 Rd3 26. Qc1 Nc4 27. Bc3 Bc5 28. Be4 Rd6 29. a3 a5 30. Ra2 {[%emt 0:00:00] [#]} Ne3 $1 31. fxe3 Bxa2 32. Bxf6 Rdxf6 33. Rxf6 Qxf6 $19 0-1

[Event "Elegant 1st Division League 2024"]
[Site "Dhaka"]
[Date "2024.07.12"]
[Round "2.3"]
[White "Shankhodip De"]
[Black "Asaduzzaman, Ahad"]
[Result "1-0"]
[Annotator "RC"]
[ECO "A53"]
[WhiteElo "1942"]
[BlackElo "1855"]
[PlyCount "75"]
[EventDate "2024.07.10"]
[EventType "team-tourn"]
[EventCountry "BAN"]
[SourceTitle "playchess.com"]
[Source "ChessBase"]
[SourceQuality "1"]
[TimeControl "5400+30"]

1. d4 d6 2. e4 c6 3. c4 Nf6 4. Nc3 Qa5 5. Bd3 Nbd7 6. Nf3 e5 7. O-O Be7 8. a3 O-O 9. d5 Qc7 10. h3 Re8 11. Be3 Nf8 12. b4 Ng6 13. Rc1 Qd8 14. Be2 Nh5 15. c5 Nhf4 16. Bc4 Bf8 17. Kh2 dxc5 18. bxc5 Qa5 19. d6 Be6 20. Qb3 Bxc4 21. Qxc4 Qd8 22. Bxf4 Nxf4 23. g3 Ng6 24. h4 Qd7 25. Nd1 b6 26. Ne3 bxc5 27. Rfd1 Re6 28. Nf5 Rf6 29. Qxc5 Rxf5 30. exf5 Qxf5 31. Qxc6 Rd8 32. Rc4 h6 33. Kg2 Qe6 34. h5 Nh8 35. d7 Qf5 36. g4 Qf6 37. Qxf6 gxf6 38. Nh4 1-0

[Event "Elegant 1st Division League 2024"]
[Site "Dhaka"]
[Date "2024.07.12"]
[Round "2.4"]
[White "Shejal Sahil Sanjay"]
[Black "Aiyan, Rahman"]
[Result "1-0"]
[Annotator "NA RC"]
[ECO "C24"]
[WhiteElo "1750"]
[BlackElo "1847"]
[PlyCount "53"]
[EventDate "2024.07.10"]
[EventType "team-tourn"]
[EventCountry "BAN"]
[SourceTitle "playchess.com"]
[Source "ChessBase"]
[SourceQuality "1"]
[TimeControl "5400+30"]

1. e4 e5 2. d4 Nf6 3. dxe5 Nxe4 4. Bc4 Nc5 5. Nf3 Be7 6. Nc3 {[%emt 0:01:27] C24: Bishop's Opening: 2...Nf6.} c6 7. Bf4 b5 8. Bb3 O-O 9. O-O b4 10. Ne2 Ne6 11. Bg3 a5 12. c4 Na6 13. Bc2 Nac5 14. Nfd4 g6 15. f4 Nxd4 16. Nxd4 d5 17. Nxc6 Qc7 18. cxd5 Ba6 19. Rf2 f5 20. Rc1 Bb7 21. Bb3 Kg7 22. Nxe7 Qxe7 23. d6 Qd8 24. Rxc5 Rc8 25. Qd4 Qb6 26. Rc7+ Rxc7 27. Qxb6 1-0

[Event "Elegant 1st Division League 2024"]
[Site "Dhaka"]
[Date "2024.07.12"]
[Round "2.6"]
[White "Shafiqul, Islam"]
[Black "Shatadru Shovan, Dey"]
[Result "1-0"]
[Annotator "RC"]
[ECO "A00"]
[WhiteElo "1937"]
[BlackElo "1879"]
[PlyCount "87"]
[EventDate "2024.07.10"]
[EventType "team-tourn"]
[EventCountry "BAN"]
[SourceTitle "playchess.com"]
[Source "ChessBase"]
[SourceQuality "1"]
[TimeControl "5400+30"]

1. Nf3 Nf6 2. b4 e6 3. a3 c5 4. bxc5 Bxc5 5. d4 Be7 6. c4 d5 7. e3 O-O 8. Bd3 dxc4 9. Bxc4 b6 10. O-O Ba6 11. Nbd2 b5 12. Bd3 b4 13. Qe2 Bxd3 14. Qxd3 Nc6 15. Bb2 Qd7 16. axb4 Nxb4 17. Qe2 Rfb8 18. Ne5 Qe8 19. Rfc1 a5 20. Ndc4 Qb5 21. Qf3 Ra6 22. g4 Nc6 23. Bc3 Nxe5 24. Nxe5 h6 25. Be1 Bd6 26. Nc4 Bb4 27. Ne5 Bd6 28. Nc4 a4 29. e4 Qb7 30. Nxd6 Rxd6 31. d5 Ra6 32. dxe6 fxe6 33. Rc4 Qb2 34. Bc3 Qb3 35. Rc7 e5 36. Kg2 Qe6 37. h3 Rb3 38. Rd1 Rc6 39. Rd8+ Kh7 40. Rxc6 Qxc6 41. Qf5+ g6 42. Qxe5 Qb7 43. Qxf6 Qxe4+ 44. Kh2 1-0

[Event "Elegant 1st Division League 2024"]
[Site "Dhaka"]
[Date "2024.07.12"]
[Round "2.7"]
[White "S M Sharon"]
[Black "Soumyajit Das"]
[Result "1/2-1/2"]
[Annotator "RC"]
[ECO "C55"]
[WhiteElo "2047"]
[BlackElo "1850"]
[PlyCount "102"]
[EventDate "2024.07.10"]
[EventType "team-tourn"]
[EventCountry "BAN"]
[SourceTitle "playchess.com"]
[Source "ChessBase"]
[SourceQuality "1"]
[TimeControl "5400+30"]

1. e4 e5 2. Nf3 Nc6 3. Bc4 Nf6 4. d3 h6 5. c3 d6 6. Nbd2 Qe7 7. Nf1 a6 8. Bb3 g5 9. h3 Be6 10. Ne3 Qd7 11. Bxe6 fxe6 12. Ng4 Nxg4 13. hxg4 Bg7 14. Nd2 Rf8 15. Nf1 Qf7 16. Qe2 O-O-O 17. Bd2 Ne7 18. Ng3 Ng6 19. Nh5 Bh8 20. f3 Rd7 21. O-O-O Qe8 22. Kb1 Kb8 23. Be3 c5 24. Bf2 Rh7 25. Qc2 Nf4 26. Nxf4 exf4 27. d4 cxd4 28. Bxd4 Bxd4 29. Rxd4 Qe7 30. Rhd1 Rd8 31. Qd3 h5 32. gxh5 Rxh5 33. Rxd6 Rxd6 34. Qxd6+ Qxd6 35. Rxd6 Rh2 36. Rd2 Kc7 37. Kc2 g4 38. fxg4 Rh4 39. e5 Rxg4 40. Kd3 a5 41. Ke4 b6 42. Kf3 Rg5 43. Kxf4 Rf5+ 44. Ke4 Rg5 45. b3 b5 46. c4 bxc4 47. bxc4 Kc6 48. Rd6+ Kc5 49. Rxe6 Rxg2 50. Re8 Kxc4 51. Kf3 Rxa2 1/2-1/2

[Event "Elegant 1st Division League 2024"]
[Site "Dhaka"]
[Date "2024.07.12"]
[Round "2.8"]
[White "Saparya Ghosh"]
[Black "Sacchu, Afzal Hossain"]
[Result "0-1"]
[Annotator "RC"]
[ECO "E49"]
[WhiteElo "1833"]
[BlackElo "1981"]
[PlyCount "160"]
[EventDate "2024.07.10"]
[EventType "team-tourn"]
[EventCountry "BAN"]
[SourceTitle "playchess.com"]
[Source "ChessBase"]
[SourceQuality "1"]
[TimeControl "5400+30"]

1. d4 Nf6 2. c4 e6 3. Nc3 Bb4 4. e3 c5 5. a3 Bxc3+ 6. bxc3 O-O 7. Bd3 d5 8. cxd5 exd5 9. Ne2 Nc6 10. dxc5 Nd7 11. O-O Nxc5 12. Bc2 b6 13. Nf4 Ba6 14. Re1 Bc4 15. Qh5 g6 16. Qh6 Qf6 17. Bb2 Rfe8 18. Rad1 Rad8 19. Nh5 Qe5 20. g4 Qh8 21. Qg5 Rd6 22. Ng3 Qf6 23. Qxf6 Rxf6 24. g5 Rfe6 25. Kg2 Ne5 26. Rd2 Ned3 27. Bxd3 Nxd3 28. Red1 Nc5 29. Rd4 Nb3 30. Rf4 Nc5 31. Rd2 b5 32. h4 Ra6 33. Kh2 Nd3 34. Rd4 Nxb2 35. Rxb2 Rxa3 36. e4 Rxc3 37. exd5 a5 38. Ne4 Rxe4 39. Rxe4 Rd3 40. Re8+ Kg7 41. Rd8 Rd4 42. d6 a4 43. Rb4 Rxh4+ 44. Kg3 Rd4 45. d7 Rd3+ 46. Kh2 a3 47. Ra8 a2 48. Ra7 Rxd7 49. Ra8 Rd5 50. f4 Rd1 51. Rxc4 bxc4 52. Rxa2 c3 53. Kg3 Rd2 54. Ra8 h5 55. Rc8 Rd3+ 56. Kf2 h4 57. Ke2 Rg3 58. Kf2 Rd3 59. Kg2 h3+ 60. Kh2 Rf3 61. Rc4 Kf8 62. Rc7 Ke8 63. Rb7 Rxf4 64. Kxh3 Rc4 65. Rb1 c2 66. Rc1 Kd7 67. Kg3 Ke6 68. Kf3 Kf5 69. Ke3 Kxg5 70. Kd3 Rc7 71. Rg1+ Kh6 72. Rh1+ Kg7 73. Rc1 f5 74. Ke3 Kf6 75. Kf3 Rc3+ 76. Kf2 g5 77. Ke2 g4 78. Kf2 Kg5 79. Kg2 f4 80. Kf2 g3+ 0-1

[Event "Elegant 1st Division League 2024"]
[Site "Dhaka"]
[Date "2024.07.12"]
[Round "2.9"]
[White "Hossain, Monir"]
[Black "Md, Eftekhar Alam"]
[Result "1-0"]
[Annotator "RC"]
[ECO "D45"]
[WhiteElo "1972"]
[BlackElo "2006"]
[PlyCount "113"]
[EventDate "2024.07.10"]
[EventType "team-tourn"]
[EventCountry "BAN"]
[SourceTitle "playchess.com"]
[Source "ChessBase"]
[SourceQuality "1"]
[TimeControl "5400+30"]

1. d4 d5 2. c4 c6 3. Nf3 Nf6 4. Nc3 e6 5. e3 Nbd7 6. Qc2 Bd6 7. Bd2 O-O 8. Be2 b6 9. e4 e5 10. cxd5 cxd5 11. exd5 Bb7 12. Bg5 Rc8 13. dxe5 Nxe5 14. O-O h6 15. Bxf6 Qxf6 16. Qd2 Nc4 17. Bxc4 Rxc4 18. a3 Rg4 19. Qe3 Bc5 20. Qd3 Ba6 21. Qd1 Qg6 22. g3 Bxf1 23. Kxf1 Re8 24. Kg2 Qf6 25. Rc1 h5 26. Rc2 h4 27. b4 Bd6 28. Qd3 hxg3 29. hxg3 Qg6 30. Qxg6 Rxg6 31. Nb5 Bb8 32. Rd2 a6 33. Nbd4 Rd6 34. Nc6 f6 35. Nh4 Rd7 36. a4 b5 37. axb5 axb5 38. Nf5 g6 39. Ne3 Ba7 40. Ng4 Kg7 41. Ra2 Bb6 42. Ra6 Rb7 43. Kf3 Bc7 44. Ne3 f5 45. Nd4 Kf7 46. Ne6 Bb6 47. Ng2 Bd8 48. Ngf4 Bf6 49. Nc5 Rc7 50. d6 Rxc5 51. bxc5 g5 52. Ra7+ Kg8 53. Nd5 Bd4 54. Rc7 g4+ 55. Kf4 Re5 56. Nf6+ Kf8 57. Nd7+ 1-0

[Event "Elegant 1st Division League 2024"]
[Site "Dhaka"]
[Date "2024.07.12"]
[Round "2.10"]
[White "Mahindrakar Indrajeet"]
[Black "Hossain, Alamgir"]
[Result "1-0"]
[Annotator "RC"]
[ECO "C26"]
[WhiteElo "2129"]
[BlackElo "1974"]
[PlyCount "79"]
[EventDate "2024.07.10"]
[EventType "team-tourn"]
[EventCountry "BAN"]
[SourceTitle "playchess.com"]
[Source "ChessBase"]
[SourceQuality "1"]
[TimeControl "5400+30"]

1. e4 Nc6 2. Nc3 e5 3. g3 Nf6 4. Bg2 Bc5 5. h3 h6 6. Nge2 g5 7. Na4 Bb4 8. a3 Bf8 9. d4 d6 10. Be3 Bd7 11. Nac3 Bg7 12. Qd2 Na5 13. Qd3 b5 14. dxe5 dxe5 15. Nxb5 Qb8 16. Nbc3 Qxb2 17. O-O Qb8 18. f4 gxf4 19. gxf4 Nc6 20. Bc5 Rg8 21. fxe5 Nxe5 22. Qg3 Nh7 23. Nf4 Qd8 24. Nfd5 Ng5 25. Be7 Qc8 26. Bf6 Nc4 27. Kh1 Bxh3 28. Bxh3 Qxh3+ 29. Qxh3 Nxh3 30. Bxg7 O-O-O 31. Ne7+ Kb7 32. Rab1+ Ka8 33. Nxg8 Rxg8 34. Nd5 Nb6 35. Nxb6+ axb6 36. Rxf7 Kb7 37. Be5 Rc8 38. Bg3 Ng5 39. Re7 Kc6 40. Rb3 1-0

[Event "Elegant 1st Division League 2024"]
[Site "Dhaka"]
[Date "2024.07.12"]
[Round "2.11"]
[White "Hossain, Delwar"]
[Black "Md Aminul Islam"]
[Result "1-0"]
[Annotator "RC"]
[ECO "B22"]
[WhiteElo "1959"]
[BlackElo "1960"]
[PlyCount "57"]
[EventDate "2024.07.10"]
[EventType "team-tourn"]
[EventCountry "BAN"]
[SourceTitle "playchess.com"]
[Source "ChessBase"]
[SourceQuality "1"]
[TimeControl "5400+30"]

1. c4 c6 2. e4 d5 3. cxd5 cxd5 4. e5 Nc6 5. d4 Bf5 6. Nc3 e6 7. Bb5 Nge7 8. Nge2 a6 9. Bxc6+ Nxc6 10. O-O Be7 11. Ng3 Bg6 12. f4 Bh4 13. f5 Bxg3 14. fxg6 Bxh2+ 15. Kxh2 hxg6+ 16. Kg1 Qb6 17. Be3 Nxe5 18. Na4 Qa7 19. Nc5 Nc4 20. Qf3 b6 21. Nd3 Rh5 22. b3 Rf5 23. Qg3 Nxe3 24. Qxe3 Rc8 25. Rfc1 Rxc1+ 26. Rxc1 a5 27. Ne5 Qa6 28. Qc3 b5 29. Qc7 1-0

[Event "Elegant 1st Division League 2024"]
[Site "Dhaka"]
[Date "2024.07.12"]
[Round "2.12"]
[White "Majumder Shrayan"]
[Black "Khan, Monir Hossain"]
[Result "1-0"]
[Annotator "RC"]
[ECO "E73"]
[WhiteElo "2083"]
[BlackElo "1928"]
[PlyCount "68"]
[EventDate "2024.07.10"]
[EventType "team-tourn"]
[EventCountry "BAN"]
[SourceTitle "playchess.com"]
[Source "ChessBase"]
[SourceQuality "1"]
[TimeControl "5400+30"]

1. d4 Nf6 2. c4 d6 3. Nc3 g6 4. e4 Bg7 5. Be2 Nbd7 6. Be3 e5 7. d5 a5 8. g4 h5 9. g5 Nh7 10. h4 Nc5 11. Qd2 b6 12. f3 Nf8 13. Nh3 Bxh3 14. Rxh3 Nfd7 15. Rg3 Qe7 16. b3 Nb8 17. Rb1 Nba6 18. a3 Nb8 19. b4 axb4 20. axb4 Nb7 21. Qb2 O-O 22. Ra1 Rxa1+ 23. Qxa1 Nd7 24. Qa7 Rb8 25. c5 dxc5 26. Bb5 Nd8 27. Qxc7 Rb7 28. d6 Qe8 29. Ba6 Rb8 30. Bb5 Rb7 31. Nd5 Rxc7 32. dxc7 Ne6 33. c8=Q Qd8 34. Qb8 Qc8 1-0

[Event "Elegant 1st Division League 2024"]
[Site "Dhaka"]
[Date "2024.07.12"]
[Round "2.13"]
[White "Choudhury, Zahid"]
[Black "Sajib, Das"]
[Result "1-0"]
[Annotator "NA RC"]
[ECO "C89"]
[WhiteElo "1838"]
[BlackElo "1894"]
[PlyCount "85"]
[EventDate "2024.07.10"]
[EventType "team-tourn"]
[EventCountry "BAN"]
[SourceTitle "playchess.com"]
[Source "ChessBase"]
[SourceQuality "1"]
[TimeControl "5400+30"]

1. e4 e5 2. Nf3 Nc6 3. Bb5 a6 4. Ba4 Nf6 5. O-O Be7 6. Re1 b5 7. Bb3 O-O 8. c3 d5 9. exd5 Nxd5 10. Nxe5 Nxe5 11. Rxe5 c6 12. d4 Bd6 13. Re1 Qh4 14. g3 Qh3 15. Be3 Bg4 16. Qd3 Bf3 {[%emt 0:07:18] C89: Closed Ruy Lopez: Marshall Attack.} 17. Qf1 Qh5 18. Nd2 Bg4 19. f3 Bh3 20. Qf2 f5 21. f4 Kh8 22. Bxd5 cxd5 23. Nf3 Rae8 24. Ne5 Bg4 (24... Rc8 $16 25. Qe2 Qe8) 25. a4 Bxe5 26. dxe5 Re6 27. axb5 axb5 28. Bd4 g5 29. Ra7 Bf3 30. fxg5 f4 (30... Kg8 $142 31. Rea1 Be4) 31. Rea1 fxg3 32. Qxg3 Be4 33. Ra8 $18 Rxa8 34. Rxa8+ Kg7 35. Qf4 Qd1+ 36. Kf2 Qc2+ 37. Kg3 Bf5 38. h4 h5 39. gxh6+ Kf7 40. h5 Qd3+ 41. Be3 d4 42. Qxd4 Qe2 43. Qd7+ 1-0

[Event "Elegant 1st Division League 2024"]
[Site "Dhaka"]
[Date "2024.07.12"]
[Round "2.14"]
[White "Mohammad, Shakil"]
[Black "Mirza Arifur, Rahman"]
[Result "1-0"]
[Annotator "NA RC"]
[ECO "A56"]
[WhiteElo "1882"]
[BlackElo "1823"]
[PlyCount "99"]
[EventDate "2024.07.10"]
[EventType "team-tourn"]
[EventCountry "BAN"]
[SourceTitle "playchess.com"]
[Source "ChessBase"]
[SourceQuality "1"]
[TimeControl "5400+30"]

1. d4 c5 2. d5 d6 3. c4 Nf6 4. Nc3 g6 5. Nf3 Bg7 6. Nd2 {[%emt 0:00:39] A56: Czech Benoni.} a6 7. a4 e5 8. e4 Nbd7 9. Be2 O-O 10. Qc2 Ne8 11. g4 f6 12. h4 Rf7 13. Nf1 Nf8 14. Ng3 Nc7 15. h5 g5 16. O-O h6 17. Bd2 b6 18. a5 bxa5 19. Rxa5 Rb8 20. Rfa1 Na8 21. Nf5 Rb4 {[%emt 0:05:22] [#]} 22. Nb5 $1 axb5 23. Bxb4 Nb6 24. Bd2 Bxf5 25. exf5 b4 26. Qb1 Rb7 27. Ra7 Rb8 28. Qa2 Nfd7 29. Qb1 Bf8 30. Qe4 Be7 31. Bd1 Kf8 32. Ba4 Nxa4 33. R1xa4 Nb6 34. Ra1 Kg8 35. b3 Kf8 36. Kg2 Ke8 37. Kf3 Kf8 38. R1a6 Ke8 39. Qb1 Nc8 40. Ra8 Nb6 41. Rxb8 Qxb8 42. Qa2 Bd8 43. Ra7 Bc7 44. Qa6 Kd8 45. Rb7 Qa8 46. Rxb6 Qxa6 47. Rxa6 Kc8 48. Ra8+ Bb8 49. Rxb8+ Kxb8 {[%emt 0:00:00] [#]} 50. Bxg5 1-0

[Event "Elegant 1st Division League 2024"]
[Site "Dhaka"]
[Date "2024.07.12"]
[Round "2.15"]
[White "Salim Mohammed, Salim Al Amri"]
[Black "Hrishin, Talukder"]
[Result "0-1"]
[Annotator "RC"]
[ECO "A25"]
[WhiteElo "1928"]
[BlackElo "1982"]
[PlyCount "100"]
[EventDate "2024.07.10"]
[EventType "team-tourn"]
[EventCountry "BAN"]
[SourceTitle "playchess.com"]
[Source "ChessBase"]
[SourceQuality "1"]
[TimeControl "5400+30"]

1. c4 e5 2. Nc3 Nc6 3. g3 f5 4. e3 Be7 5. Bg2 d6 6. Nge2 Nf6 7. d4 O-O 8. O-O Qe8 9. Nd5 Nxd5 10. cxd5 Nd8 11. Bd2 e4 12. Qb3 Kh8 13. Rac1 c6 14. Ba5 b6 15. Bd2 cxd5 16. Nf4 Rb8 17. Rc7 Bg5 18. Rfc1 Bb7 19. Nh3 Bh6 20. Qa3 Ne6 21. R7c2 Ra8 22. Qxd6 Rf6 23. Qe5 Qb8 24. Bb4 Qxe5 25. dxe5 Rf7 26. Nf4 Bxf4 27. gxf4 g5 28. fxg5 Rg8 29. h4 h6 30. f4 exf3 31. Bxf3 hxg5 32. hxg5 Nxg5 33. Rh2+ Nh3+ 34. Kh1 Rh7 35. Rf1 Ba6 36. Bc3 Bxf1 37. e6+ Rgg7 38. Bxg7+ Kxg7 39. Bxd5 Nf2+ 40. Kg1 Rxh2 41. Kxh2 Ng4+ 42. Kg1 Bb5 43. e4 f4 44. Kg2 Nf2 45. Kxf2 Kf6 46. b3 a5 47. a4 Bd3 48. Kg2 Be2 49. Kf2 Bg4 50. Kg2 Bxe6 0-1

[Event "Elegant 1st Division League 2024"]
[Site "Dhaka"]
[Date "2024.07.12"]
[Round "2.16"]
[White "Mohammed, Shaker Ullah"]
[Black "Islam, Obaidul Shahin"]
[Result "1/2-1/2"]
[Annotator "RC"]
[ECO "C54"]
[WhiteElo "2018"]
[BlackElo "1976"]
[PlyCount "156"]
[EventDate "2024.07.10"]
[EventType "team-tourn"]
[EventCountry "BAN"]
[SourceTitle "playchess.com"]
[Source "ChessBase"]
[SourceQuality "1"]
[TimeControl "5400+30"]

1. e4 e5 2. Nf3 Nc6 3. Bc4 Bc5 4. c3 Nf6 5. d4 exd4 6. e5 d5 7. Bb5 Ne4 8. cxd4 Bb4+ 9. Bd2 Nxd2 10. Nbxd2 Bd7 11. Be2 O-O 12. a3 Be7 13. Qb3 Bc8 14. Bb5 Na5 15. Qc3 c6 16. Bd3 b5 17. O-O Nc4 18. b3 Nxd2 19. Nxd2 Qb6 20. b4 a5 21. Nb3 a4 22. Nd2 f6 23. Rac1 Bd7 24. e6 Be8 25. f4 f5 26. Nf3 Rf6 27. Rfe1 Rd8 28. Re5 g6 29. g3 Rd6 30. Rce1 Rf8 31. R5e2 Rf6 32. Ng5 Kg7 33. Kg2 h6 34. Nf3 Rf8 35. h4 h5 36. Kh3 Rf6 37. Kg2 Rf8 38. Qc2 Rf6 39. Kh3 Rf8 40. Qc3 Rf6 41. Re5 Rf8 42. Rc1 Rf6 43. Rce1 Rf8 44. Kg2 Rf6 45. R5e2 Rf8 46. Qd2 Rf6 47. Bc2 Qb8 48. Qd3 Qc8 49. Ng5 Rf8 50. Qe3 Qd8 51. Qe5+ Rf6 52. Bd1 Qb8 53. Rc2 Qd8 54. Be2 Qb8 55. Bd3 Rd8 56. Qe3 Qd6 57. Rec1 Rb8 58. Re1 Rf8 59. Nf3 Rf6 60. Qe5 Qxe5 61. dxe5 Rxe6 62. Nd4 Kf7 63. Rec1 Rb6 64. Kf3 Bd7 65. Be2 Bf8 66. Ke3 Be7 67. Bf3 Ra6 68. Bg2 Bd8 69. Ke2 Be7 70. Kd3 Bd8 71. Rc5 Be7 72. R5c2 Bd8 73. Ke2 Be7 74. Rd1 Bd8 75. Rdc1 Be7 76. Kd3 Bd8 77. Bf3 Be7 78. Nxe6 Kxe6 1/2-1/2